AoeStats
← Lord_M@ster

MegaRandom

510233298Analyzed
2v2 RM · 18h ago on Sep 30, 2026· 15m 33s· 4 players
Game mode
Random Map
Map size
Medium (4 player)
Population
200
Speed
Normal
Resources
Standard
Victory
Conquest
Starting age
Dark Age
Ending age
Imperial Age
RankedLock teamsTeams togetherTeam positionsShared explorationLock speedFull tech treeHidden civsTurbo modeCheats
Victory
Defeat
🇦🇷 Khmer · Argentina
1373
+15
🇲🇽 Britons · Mexico
1347
+16
🇺🇸 Danes · United States
1384
-17
🇺🇸 Varangians · United States
1313
-14
_EXTERMINATION_
6:28 Loom
9:16 Feudal Age
10:58 Double-Bit Axe
PooseInBoots
6:24 Loom
9:15 Feudal Age
9:52 Double-Bit Axe
13:47 Fletching
Marco Aurelio
6:17 Loom
9:43 Feudal Age
11:31 Double-Bit Axe
13:15 Fletching
Lord_M@ster
6:13 Loom
6:48 Loom
9:10 Feudal Age
9:44 Double-Bit Axe
13:13 Scale Barding Armor
Connection lost

Rejoining the realm…

Still unreachable

The connection could not be restored.

Session expired

The server has moved on; the page needs a fresh start.